Map: Ever Dream LE

Players

Spatz

  • Race: Protoss Protoss
  • League: Master
  • Spawn Location: 1:00

Arctur - Winner!

  • Race: Terran Terran
  • Spawn Location: 7:00

Event: DreamHack SC2 Masters 2020 Summer Europe

VOD

Have the link to the VOD?

Description

Time

  • Played on: July 1, 2020, 10:29 a.m.
  • Length: 11:32

All games in this series

Show
View Real Time Build Order
Export as new Build Order

Spatz Protoss 

Build Orders: 1 Gate Expand 

Get SALT Encoding   

  12  0:00  Probe  
  13  0:13  Probe  
  14  0:17  Pylon  
  14  0:23  Probe  
  15  0:31  Probe  
  15  0:38  Gateway  
  15  0:40  Probe  
  16  0:48  Assimilator  
  17  0:51  Probe  
  18  1:03  Probe  
  19  1:15  Probe  
  20  1:23  Nexus  
  20  1:33  Cybernetics Core  
  20  1:37  Probe  
  21  1:43  Pylon  
  21  1:49  Probe  
  21  1:52  Assimilator  
  22  1:59  Stalker  
  22  2:01  Probe  
  22  2:04  Warp Gate  
  23  2:13  Probe  
  25  2:25  Probe, Robotics Facility  
  26  2:34  Stalker  
  28  2:59  Gateway  
  28  3:01  Gateway  
  28  3:02  Gateway, Warp Prism  
  30  3:15  Sentry  
  32  3:21  Probe  
  32  3:24  Probe  
  34  3:33  Probe  
  35  3:36  Probe  
  35  3:38  Pylon  
  34  3:53  Stalker x2  
  34  3:55  Stalker  
  40  3:57  Sentry  
  42  4:03  Probe  
  42  4:08  Probe  
  44  4:15  Probe  
  45  4:28  Zealot x4  
  43  4:54  Probe  
  43  4:56  Immortal  
  43  4:58  Adept x4  
  54  5:03  Probe  
  54  5:06  Twilight Council  
  53  5:09  Probe  
  53  5:13  Assimilator  
  54  5:22  Pylon  
  54  5:32  Pylon  
  54  5:37  Probe  
  54  5:39  Probe  
  54  5:42  Adept x3  
  60  5:45  Pylon  
  60  5:47  Dark Shrine  
  60  5:53  Immortal  
  60  6:05  Probe  
  60  6:08  Probe  
  62  6:17  Probe  
  63  6:20  Probe  
  63  6:25  Assimilator  
  64  6:29  Probe  
  64  6:32  Probe  
  64  6:41  Probe  
  64  6:44  Probe  
  62  6:50  Immortal  
  62  6:53  Probe  
  67  6:55  Robotics Bay  
  67  6:56  Adept x4, Probe  
  76  7:04  Pylon  
  76  7:05  Probe  
  77  7:09  Pylon, Probe  
  77  7:11  Pylon  
  78  7:22  Probe  
  77  7:31  Dark Templar  
  77  7:32  Dark Templar x3  
  77  7:37  Pylon  
  85  7:40  Colossus  
  85  7:46  Forge, Pylon  
  91  7:54  Probe  
  90  8:03  Probe  
  87  8:07  Probe  
  87  8:09  Protoss Ground Weapons Level 1  
  87  8:12  Charge  
  88  8:15  Probe  
  89  8:21  Zealot x4  
  97  8:27  Probe  
  97  8:28  Extended Thermal Lance  
  98  8:35  Probe  
  98  8:36  Colossus  
  98  8:39  Probe  
  106  8:57  Gateway  
  106  8:58  Gateway  
  106  9:04  Zealot x4  
  114  9:26  Nexus  
  112  9:32  Dark Templar  
  112  9:33  Dark Templar x2  
  112  9:34  Pylon  
  112  9:36  Pylon  
  118  9:50  Pylon  
  118  9:54  Pylon  
  97  10:07  Stalker x5  
  71  10:16  Probe  
  62  10:28  Warp Prism, Probe  
  63  10:36  Archon  
  65  10:43  Probe  
  65  10:52  Probe  
  66  11:03  Probe  
  66  11:07  Probe  
  66  11:11  Probe  
Show
View Real Time Build Order
Export as new Build Order

Arctur Terran - Winner!

Build Orders: Reaper Expand 

Get SALT Encoding   

  12  0:00  SCV  
  13  0:13  SCV  
  14  0:17  Supply Depot  
  14  0:25  SCV  
  15  0:38  SCV  
  15  0:39  Barracks  
  16  0:43  Refinery  
  16  0:50  SCV  
  17  1:02  SCV  
  18  1:15  SCV  
  19  1:27  Orbital Command, Reaper  
  20  1:45  Command Center  
  20  1:54  SCV  
  21  1:55  Supply Depot  
  21  1:58  Marine  
  22  2:06  SCV  
  23  2:10  Factory  
  23  2:18  SCV  
  24  2:23  Barracks Reactor  
  24  2:24  Bunker  
  24  2:28  Refinery  
  24  2:30  SCV  
  25  2:42  SCV  
  26  2:54  SCV  
  26  2:55  Hellion  
  26  2:56  Starport  
  29  2:59  Orbital Command  
  29  3:01  Marine  
  29  3:04  Marine  
  31  3:07  SCV  
  32  3:16  Factory Tech Lab  
  32  3:19  Marine, SCV  
  34  3:21  Marine  
  34  3:26  SCV  
  36  3:29  Supply Depot  
  36  3:31  SCV  
  37  3:38  SCV  
  37  3:39  Factory Tech Lab  
  38  3:44  SCV  
  36  3:49  Marine x2  
  36  3:50  Raven, SCV, Barracks  
  41  3:56  SCV  
  41  4:00  Bunker  
  41  4:01  Refinery  
  42  4:05  Siege Tank  
  42  4:07  Marine x2  
  42  4:08  SCV x2  
  49  4:14  Supply Depot  
  49  4:20  SCV  
  49  4:21  SCV  
  51  4:25  Supply Depot, Marine x2  
  53  4:32  SCV  
  53  4:36  SCV  
  51  4:38  Marine  
  51  4:43  Marine x2  
  44  4:54  Bunker  
  44  4:56  Marine  
  45  5:00  Siege Tank  
  45  5:01  Marine  
  49  5:07  SCV x2  
  51  5:19  Engineering Bay, SCV  
  51  5:21  Marine x2  
  54  5:26  SCV  
  54  5:27  Stimpack  
  55  5:29  Marine  
  55  5:31  SCV  
  56  5:38  Marine  
  56  5:39  Marine  
  56  5:40  Viking  
  56  5:41  SCV  
  59  5:46  Marine  
  60  5:51  SCV  
  60  5:52  Barracks  
  60  5:53  Factory Reactor, SCV  
  60  5:54  Terran Infantry Weapons Level 1  
  58  6:03  SCV  
  55  6:05  SCV  
  55  6:06  Missile Turret  
  55  6:07  Marine x2  
  58  6:13  Medivac  
  58  6:15  SCV  
  58  6:18  SCV  
  62  6:27  SCV  
  62  6:30  SCV  
  64  6:39  Marauder, Marine, SCV  
  65  6:42  SCV  
  65  6:46  Combat Shield  
  65  6:51  SCV  
  66  6:54  Marine, SCV  
  66  7:01  Marauder  
  70  7:08  Supply Depot  
  70  7:09  Supply Depot  
  70  7:11  Concussive Shells  
  70  7:12  Factory Reactor  
  70  7:14  Marine, SCV x2  
  70  7:15  Marauder  
  75  7:19  Medivac  
  77  7:26  SCV  
  78  7:30  Marauder, SCV, Medivac  
  78  7:32  Supply Depot x2  
  78  7:35  Marine  
  84  7:38  Marauder, Supply Depot  
  86  7:45  Marine  
  87  7:52  Marauder  
  87  7:53  Marine, Medivac  
  92  7:58  SCV  
  92  7:59  Marauder, SCV  
  92  8:00  Medivac  
  92  8:03  Marine  
  98  8:08  Widow Mine  
  98  8:09  Widow Mine  
  98  8:11  Marine  
  98  8:12  Supply Depot  
  103  8:13  Marauder  
  103  8:15  Terran Infantry Armor Level 1  
  105  8:20  Supply Depot, Marauder  
  105  8:21  Marine  
  108  8:28  Supply Depot  
  108  8:29  Marine  
  109  8:34  Marauder  
  109  8:37  Medivac  
  109  8:39  Marine  
  114  8:42  Marauder  
  114  8:47  Marine  
  117  8:53  Missile Turret  
  117  8:55  Command Center  
  117  8:57  Marauder, Marine  
  120  9:05  Factory Tech Lab  
  120  9:09  Viking x2  
  124  9:14  Refinery  
  124  9:21  Marauder, Marine x2  
  124  9:22  Marauder  
  130  9:34  Barracks  
  130  9:36  Barracks  
  130  9:37  Siege Tank  
  133  9:44  Marine  
  133  9:45  Marauder, Marine  
  137  9:50  Viking  
  139  9:57  Marauder  
  141  10:02  Marine  
  141  10:04  Marine  
  142  10:14  Viking  
  137  10:16  SCV x2  
  137  10:20  Viking  
  123  10:28  SCV x2  
  119  10:29  Orbital Command  
  119  10:31  Marauder  
  119  10:32  Barracks Tech Lab  
  121  10:46  Armory, Engineering Bay  
  121  10:53  Marine x2  
  121  10:54  Marauder x2  
  121  10:55  Orbital Command  
  127  10:59  Marauder  
  128  11:09  Marine x2  
  130  11:11  Marine  
  130  11:16  Missile Turret  
  133  11:22  Missile Turret  
Tags
 
Add a new tag
Caveats
  • Supply blocks, unpowered buildings, or Contaminate may cause inaccurate times.
  • Supply counts are checked every 10 seconds.